[ AOE2 MATCH · #505646800 ]
UnrankedJapanese vs Ethiopians
Player's team · LOSS
Rival team · WIN
[ REPLAY ANALYSIS · EXTRACTED FROM THE RECORDED GAME ]
Feudal
8:51
Castle
27:59
Imperial
44:34
| APM avg | 54.7 |
| APM peak | 109 |
| eAPM avg | 29.0 |
| Villagers / military | 252 / 198 |
Focus
⚔️ 36.3% · 🌾 63.7%
Cavalry Archer ×103 · Samurai ×31 · Skirmisher ×22 · Militia ×14 · Knight ×13 · Battering Ram ×8
Feudal
8:54
Castle
23:53
Imperial
47:08
| APM avg | 80.2 |
| APM peak | 121 |
| eAPM avg | 42.6 |
| Villagers / military | 221 / 284 |
Focus
⚔️ 51.2% · 🌾 48.8%
Archer ×101 · Shotel Warrior ×74 · Spearman ×44 · Skirmisher ×39 · Monk ×7 · Battering Ram ×6
Match map
Initial resources + every placement click. Lines = walls · curves = elevation contours. ◆ gold · ⬟ stone · ● berries · ✦ relic · ◌ wall gap
Your base· Open — unwalled flank
shirae's base· Open — 4t gap
Smoothed initial terrain · ◌ = detected wall gap · hover for details
Inputs per minute
— 新竹 - - shirae
Build order — 新竹
First 150 of 717 actions detected
| 0:00 | Create | Villager (Male) |
| 0:01 | Create | Villager (Male) |
| 0:01 | Create | Villager (Male) |
| 0:02 | Build | House |
| 0:03 | Build | House |
| 0:07 | Create | Villager (Male) |
| 0:07 | Create | Villager (Male) |
| 1:26 | Create | Villager (Male) |
| 1:26 | Create | Villager (Male) |
| 2:04 | Create | Villager (Male) |
| 2:20 | Create | Villager (Male) |
| 2:20 | Create | Villager (Male) |
| 2:20 | Create | Villager (Male) |
| 2:27 | Build | Lumber Camp |
| 2:48 | Create | Villager (Male) |
| 2:48 | Create | Villager (Male) |
| 3:04 | Build | House |
| 3:12 | Create | Villager (Male) |
| 3:12 | Create | Villager (Male) |
| 3:12 | Create | Villager (Male) |
| 3:41 | Create | Villager (Male) |
| 3:41 | Create | Villager (Male) |
| 3:58 | Create | Villager (Male) |
| 3:58 | Create | Villager (Male) |
| 4:15 | Create | Villager (Male) |
| 4:15 | Create | Villager (Male) |
| 4:15 | Create | Villager (Male) |
| 4:33 | Create | Villager (Male) |
| 4:33 | Create | Villager (Male) |
| 4:33 | Create | Villager (Male) |
| 5:05 | Build | Barracks |
| 5:16 | Build | House |
| 5:39 | Create | Villager (Male) |
| 5:40 | Research | Loom |
| 5:40 | Research | Loom |
| 6:20 | Build | Mining Camp |
| 6:39 | Research | Feudal Age |
| 6:39 | Research | Feudal Age |
| 6:40 | Research | Feudal Age |
| 6:54 | Create | Militia |
| 6:54 | Create | Militia |
| 7:23 | Create | Militia |
| 7:24 | Create | Militia |
| 7:24 | Create | Militia |
| 7:37 | Create | Militia ×2 |
| 7:37 | Create | Militia ×2 |
| 7:37 | Create | Militia |
| 7:42 | Build | House |
| 8:40 | Build | House |
| 8:51 | Age | Feudal Age |
| 8:53 | Research | Man-at-Arms (upgrade) |
| 8:53 | Research | Man-at-Arms (upgrade) |
| 8:54 | Research | Man-at-Arms (upgrade) |
| 8:54 | Create | Villager (Male) |
| 8:55 | Create | Villager (Male) |
| 8:55 | Create | Villager (Male) |
| 9:16 | Build | Mining Camp |
| 9:44 | Build | House |
| 9:52 | Build | Palisade Wall |
| 9:56 | Build | Palisade Wall |
| 9:58 | Build | Palisade Wall |
| 10:08 | Create | Villager (Male) |
| 10:08 | Create | Villager (Male) |
| 10:08 | Create | Villager (Male) |
| 10:10 | Build | Mill |
| 11:03 | Build | Farm |
| 11:32 | Create | Villager (Male) |
| 11:32 | Create | Villager (Male) |
| 11:32 | Create | Villager (Male) |
| 11:32 | Create | Villager (Male) |
| 11:40 | Build | Watch Tower |
| 11:45 | Build | Farm |
| 11:54 | Build | House |
| 11:56 | Create | Villager (Male) |
| 11:57 | Create | Villager (Male) |
| 11:57 | Create | Villager (Male) |
| 12:07 | Create | Villager (Male) |
| 12:07 | Create | Villager (Male) |
| 12:07 | Create | Villager (Male) |
| 12:40 | Build | Palisade Wall |
| 12:45 | Build | Palisade Wall |
| 12:49 | Create | Villager (Male) |
| 12:49 | Create | Villager (Male) |
| 12:49 | Create | Villager (Male) |
| 12:50 | Create | Villager (Male) |
| 12:50 | Create | Villager (Male) |
| 13:11 | Build | Watch Tower |
| 13:20 | Create | Villager (Male) |
| 13:20 | Create | Villager (Male) |
| 13:20 | Create | Villager (Male) |
| 13:26 | Build | Blacksmith |
| 13:28 | Build | House |
| 13:40 | Create | Villager (Male) |
| 13:40 | Create | Villager (Male) |
| 13:40 | Create | Villager (Male) |
| 13:49 | Create | Villager (Male) |
| 13:49 | Create | Villager (Male) |
| 13:59 | Build | Watch Tower |
| 14:03 | Build | House |
| 14:05 | Create | Villager (Male) |
| 14:05 | Create | Villager (Male) |
| 14:05 | Create | Villager (Male) |
| 14:05 | Create | Villager (Male) |
| 14:22 | Create | Villager (Male) |
| 14:28 | Build | Watch Tower |
| 14:34 | Build | House |
| 14:40 | Build | House |
| 14:44 | Build | Stone Wall |
| 15:01 | Create | Villager (Male) |
| 15:01 | Create | Villager (Male) |
| 15:01 | Create | Villager (Male) |
| 15:02 | Create | Villager (Male) |
| 15:25 | Build | Palisade Wall |
| 15:26 | Create | Villager (Male) |
| 15:26 | Create | Villager (Male) |
| 15:37 | Build | Watch Tower |
| 15:44 | Research | Double-Bit Axe |
| 15:44 | Research | Double-Bit Axe |
| 15:44 | Research | Double-Bit Axe |
| 15:45 | Create | Villager (Male) |
| 15:45 | Create | Villager (Male) |
| 15:45 | Create | Villager (Male) |
| 15:45 | Create | Villager (Male) |
| 16:35 | Create | Villager (Male) |
| 16:35 | Create | Villager (Male) |
| 16:36 | Create | Villager (Male) |
| 16:36 | Create | Villager (Male) |
| 16:41 | Build | Farm |
| 16:42 | Build | Farm |
| 16:43 | Build | Farm |
| 16:50 | Build | Stone Wall |
| 16:55 | Research | Fletching |
| 16:55 | Research | Fletching |
| 17:01 | Build | House |
| 17:14 | Build | Stone Wall |
| 17:20 | Create | Villager (Male) |
| 17:20 | Create | Villager (Male) |
| 17:20 | Create | Villager (Male) |
| 17:20 | Create | Villager (Male) |
| 17:31 | Build | House |
| 17:36 | Build | Market |
| 17:47 | Create | Villager (Male) |
| 17:48 | Create | Villager (Male) |
| 17:48 | Create | Villager (Male) |
| 17:51 | Create | Villager (Male) |
| 17:51 | Create | Villager (Male) |
| 17:59 | Build | Watch Tower |
| 18:11 | Create | Militia ×2 |
| 18:12 | Create | Militia ×2 |
| 18:17 | Build | Farm |
Build order — shirae
First 150 of 800 actions detected
| 0:00 | Create | Villager (Male) |
| 0:00 | Create | Villager (Male) |
| 0:01 | Create | Villager (Male) |
| 0:01 | Build | House |
| 0:02 | Build | House |
| 0:16 | Create | Villager (Male) |
| 1:13 | Create | Villager (Male) |
| 1:13 | Create | Villager (Male) |
| 1:28 | Build | Lumber Camp |
| 1:50 | Create | Villager (Male) |
| 2:22 | Create | Villager (Male) |
| 2:22 | Create | Villager (Male) |
| 2:37 | Create | Villager (Male) |
| 3:01 | Create | Villager (Male) |
| 3:28 | Create | Villager (Male) |
| 3:34 | Build | House |
| 3:46 | Create | Villager (Male) |
| 4:21 | Build | Mill |
| 4:29 | Create | Villager (Male) |
| 4:44 | Create | Villager (Male) |
| 4:45 | Create | Villager (Male) |
| 5:00 | Create | Villager (Male) |
| 5:30 | Create | Villager (Male) |
| 5:39 | Create | Villager (Male) |
| 5:43 | Research | Loom |
| 6:14 | Create | Villager (Male) |
| 6:44 | Research | Feudal Age |
| 6:44 | Research | Feudal Age |
| 7:21 | Create | Villager (Male) |
| 7:47 | Build | Barracks |
| 8:03 | Create | Villager (Male) |
| 8:10 | Build | House |
| 8:31 | Create | Villager (Male) |
| 8:54 | Age | Feudal Age |
| 8:57 | Create | Villager (Male) |
| 9:01 | Build | Archery Range |
| 9:03 | Create | Villager (Male) |
| 9:08 | Create | Villager (Male) |
| 9:18 | Create | Villager (Male) |
| 9:21 | Build | House |
| 9:23 | Create | Villager (Male) |
| 9:33 | Build | Palisade Wall |
| 9:38 | Create | Villager (Male) |
| 9:45 | Build | Palisade Wall |
| 9:46 | Build | Palisade Wall |
| 9:53 | Create | Villager (Male) |
| 10:02 | Create | Villager (Male) |
| 10:04 | Build | Archery Range |
| 10:05 | Create | Villager (Male) |
| 10:11 | Create | Villager (Male) |
| 10:20 | Create | Villager (Male) |
| 10:24 | Research | Double-Bit Axe |
| 10:27 | Create | Villager (Male) |
| 10:32 | Create | Archer |
| 10:32 | Create | Archer |
| 10:34 | Create | Villager (Male) |
| 10:38 | Build | House |
| 10:46 | Build | Watch Tower |
| 10:52 | Research | Town Watch |
| 10:53 | Research | Town Watch |
| 10:56 | Create | Villager (Male) |
| 11:03 | Create | Archer |
| 11:09 | Build | House |
| 11:11 | Create | Villager (Male) |
| 11:17 | Build | House |
| 11:20 | Create | Archer |
| 11:27 | Create | Villager (Male) |
| 11:31 | Create | Villager (Male) |
| 11:37 | Build | Lumber Camp |
| 11:57 | Build | Mining Camp |
| 12:04 | Create | Villager (Male) |
| 12:23 | Create | Villager (Male) |
| 12:29 | Create | Archer |
| 12:33 | Build | Farm |
| 12:34 | Build | Farm |
| 12:36 | Build | House |
| 12:41 | Build | House |
| 12:58 | Build | House |
| 12:59 | Create | Archer |
| 13:35 | Create | Archer |
| 13:44 | Build | Blacksmith |
| 13:49 | Create | Villager (Male) |
| 13:52 | Build | Farm |
| 13:55 | Build | Farm |
| 14:02 | Create | Archer |
| 14:22 | Create | Archer |
| 14:27 | Build | Farm |
| 14:28 | Create | Villager (Male) |
| 14:30 | Build | Farm |
| 14:41 | Build | Farm |
| 14:52 | Build | Farm |
| 14:53 | Create | Archer |
| 14:54 | Create | Archer |
| 15:13 | Build | Farm |
| 15:16 | Create | Villager (Male) |
| 15:16 | Create | Villager (Male) |
| 15:18 | Build | Farm |
| 15:19 | Build | House |
| 15:22 | Create | Archer |
| 15:26 | Build | House |
| 15:27 | Build | Palisade Wall |
| 15:31 | Create | Archer |
| 15:45 | Create | Villager (Male) |
| 15:56 | Create | Villager (Male) |
| 15:57 | Build | Farm |
| 15:58 | Create | Archer |
| 16:05 | Create | Archer |
| 16:21 | Create | Villager (Male) |
| 16:31 | Create | Villager (Male) |
| 16:33 | Build | Farm |
| 16:33 | Build | Farm |
| 16:44 | Create | Archer |
| 16:47 | Create | Archer |
| 16:48 | Build | House |
| 16:54 | Build | Farm |
| 16:55 | Create | Villager (Male) |
| 16:58 | Create | Villager (Male) |
| 16:59 | Create | Archer |
| 17:10 | Research | Fletching |
| 17:10 | Research | Fletching |
| 17:12 | Build | Farm |
| 17:17 | Create | Villager (Male) |
| 17:17 | Create | Villager (Male) |
| 17:24 | Build | Farm |
| 17:30 | Create | Archer |
| 17:34 | Create | Villager (Male) |
| 17:34 | Create | Villager (Male) |
| 17:43 | Create | Archer |
| 17:49 | Create | Villager (Male) |
| 17:54 | Build | Farm |
| 18:00 | Build | House |
| 18:03 | Build | House |
| 18:04 | Build | House |
| 18:05 | Build | Palisade Wall |
| 18:08 | Create | Villager (Male) |
| 18:14 | Build | House |
| 18:18 | Create | Villager (Male) |
| 18:19 | Create | Archer |
| 18:31 | Create | Archer |
| 18:38 | Create | Archer |
| 18:44 | Create | Villager (Male) |
| 18:52 | Create | Archer |
| 19:08 | Create | Archer |
| 19:09 | Create | Archer |
| 19:16 | Create | Villager (Male) |
| 19:25 | Build | Market |
| 20:01 | Build | House |
| 20:28 | Create | Villager (Male) |
| 20:38 | Build | Lumber Camp |
| 20:59 | Build | Farm |
Match timeline
| 5:05 | 新竹 · first_building Barracks |
| 7:47 | shirae · first_building Barracks |
| 8:51 | 新竹 · age_up feudal |
| 8:54 | shirae · age_up feudal |
| 9:01 | shirae · first_building Archery Range |
| 9:33 | shirae · wall_segment Palisade Wall x1 |
| 9:45 | shirae · wall_segment Palisade Wall x1 |
| 9:46 | shirae · wall_segment Palisade Wall x1 |
| 9:52 | 新竹 · wall_segment Palisade Wall x3 |
| 9:56 | 新竹 · wall_segment Palisade Wall x2 |
| 9:58 | 新竹 · wall_segment Palisade Wall x5 |
| 12:40 | 新竹 · wall_segment Palisade Wall x2 |
| 12:45 | 新竹 · wall_segment Palisade Wall x1 |
| 14:44 | 新竹 · wall_segment Stone Wall x1 |
| 15:25 | 新竹 · wall_segment Palisade Wall x7 |
| 15:27 | shirae · wall_segment Palisade Wall x1 |
| 16:50 | 新竹 · wall_segment Stone Wall x4 |
| 17:14 | 新竹 · wall_segment Stone Wall x2 |
| 18:05 | shirae · wall_segment Palisade Wall x3 |
| 19:28 | 新竹 · first_market_sell 100 wood |
| 19:29 | 新竹 · first_market_buy 100 stone |
| 20:08 | shirae · first_market_sell 500 wood |
| 20:09 | shirae · first_market_buy 100 food |
| 21:55 | shirae · wall_segment Palisade Wall x6 |
| 23:53 | shirae · age_up castle |
| 24:26 | shirae · first_building Siege Workshop |
| 25:24 | 新竹 · first_building Stable |
| 27:30 | shirae · first_building Monastery |
| 27:59 | 新竹 · age_up castle |
| 28:06 | 新竹 · first_building Archery Range |
| 29:44 | shirae · wall_segment Palisade Wall x9 |
| 29:46 | shirae · wall_segment Palisade Wall x1 |
| 34:06 | shirae · wall_segment Stone Wall x10 |
| 36:24 | shirae · wall_segment Stone Wall x9 |
| 36:25 | shirae · wall_segment Stone Wall x7 |
| 37:10 | shirae · wall_segment Stone Wall x13 |
| 37:51 | shirae · wall_segment Stone Wall x2 |
| 39:12 | 新竹 · first_building Castle |
| 39:57 | shirae · first_building Castle |
| 40:50 | 新竹 · first_building Siege Workshop |
| 43:19 | shirae · wall_segment Stone Wall x1 |
| 43:20 | shirae · wall_segment Stone Wall x3 |
| 44:34 | 新竹 · age_up imperial |
| 45:08 | shirae · wall_segment Stone Wall x5 |
| 45:17 | shirae · wall_segment Stone Wall x8 |
| 45:28 | shirae · wall_segment Stone Wall x10 |
| 45:31 | shirae · wall_segment Stone Wall x6 |
| 45:34 | shirae · wall_segment Stone Wall x5 |
| 45:37 | shirae · wall_segment Palisade Wall x5 |
| 47:08 | shirae · age_up imperial |
| 50:17 | shirae · wall_segment Stone Wall x2 |
| 60:21 | 新竹 · resign |
[ AI ANALYSIS · 1 CREDIT ]
What really happened in this match?
Wolo.gg analyzes every decision: build order, eco, micro, common mistakes by bracket. Personalized analysis on WhatsApp or Discord in 30 seconds.
Civ guide
Japanese
Perfil
Jugador #14547856